 Dungeon Crawl Stone Soup version 0.29.1-15-g9cfb28693d (webtiles) character file.

Game seed: 8740960056059931550

298 StarGazer the Twirler (level 6, 41/41 HPs)
             Began as a Demonspawn Wanderer on Mar 14, 2023.
             Was an Initiate of Okawaru.
             Quit the game in the Ecumenical Temple.
             The game lasted 00:09:43 (2823 turns).

StarGazer the Twirler (Demonspawn Wanderer)         Turns: 2823, Time: 00:09:43

Health: 41/41      AC:  6    Str: 15    XL:     6   Next: 13%
Magic:  7/7        EV: 11    Int: 11    God:    Okawaru [......]
Gold:   29         SH:  0    Dex: 16    Spells: 7/7 levels left

rFire   . . .      SeeInvis +   a - +2 quarterstaff
rCold   . . .      Faith    .   (shield currently unavailable)
rNeg    . . .      Spirit   .   t - +2 robe of Pimerr {Dex+2}
rPois   .          Reflect  .   h - +2 hat {SInv}
rElec   .          Harm     .   (no cloak)
rCorr   .          Rampage  .   (no gloves)
Will    .....                   (no boots)
Stlth   +.........              k - amulet of regeneration
HPRegen 0.93/turn               (no ring)
MPRegen 0.10/turn               (no ring)

@: no status effects
A: (demonic guardian 2), weakness stinger 1
a: Renounce Religion


You were in the Ecumenical Temple.
You worshipped Okawaru.
Okawaru was noncommittal.
You visited 2 branches of the dungeon, and saw 5 of its levels.

You collected 134 gold pieces.
You spent 105 gold pieces at shops.

Inventory:

Hand Weapons
 a - a +2 quarterstaff (weapon)
 b - a +0 hand axe
 d - a +0 dagger
Missiles
 c - 22 poisoned darts (quivered)
 g - 35 stones
 v - 4 curare-tipped darts
Armour
 f - a +0 leather armour
 h - a +2 hat of see invisible (worn)
 p - a +0 scale mail
 t - the +2 robe of Pimerr (worn) {Dex+2}
   (You found it on level 3 of the Dungeon)

   Dex:       It affects your dexterity (+2).
 u - a +0 helmet
Jewellery
 k - an amulet of regeneration (around neck)
Wands
 r - a wand of roots (15)
Scrolls
 e - 2 scrolls of teleportation
 o - a scroll of blinking
 w - a scroll of vulnerability {unknown}
Potions
 i - 2 potions of flight
 j - 2 potions of berserk rage
 l - a potion of curing
 m - a potion of resistance {unknown}
 n - a potion of might
 q - 3 potions of heal wounds
 s - a potion of invisibility


   Skills:
 - Level 1.7 Axes
 * Level 6.7 Staves
 - Level 2.0 Throwing
 - Level 1.0 Armour
 - Level 1.0 Spellcasting


You had 7 spell levels left.
You didn't know any spells.
Your spell library contained the following spells:

 Spells                   Type           Power      Damage    Failure   Level
 Magic Dart               Conj           0%         1d3       32%         1
 Mephitic Cloud           Conj/Pois/Air  0%         N/A       67%         3
 Passage of Golubria      Tloc           0%         N/A       97%         4
 Yara's Violent Unravell  Hex/Tmut       0%         3d3       100%        5
 Call Imp                 Summ           Unusable   N/A       N/A         2
 Tukima's Dance           Hex            Unusable   N/A       N/A         3

Dungeon Overview and Level Annotations

Branches:
Dungeon (4/15)             Temple (1/1) D:4

Altars:
Cheibriados
Dithmenos
Fedhas
Gozag
Hepliaklqana
Kikubaaqudgha
Makhleb
Okawaru
Ru
Sif Muna
Trog
Uskayaw
Yredelemnul

Shops:
D:3 ?


Innate Abilities, Weirdness & Mutations

((A demonic guardian rushes to your aid.))
You have a small tail.


Message History

You hit the worm.
The worm is almost dead.
The worm bites you.
You hit the worm but do no damage.
The worm is almost dead.
You barely miss the worm.
The worm is almost dead.
The worm bites you but does no damage.
You hit the worm.
You kill the worm!
You see here a worm corpse.
v - 4 curare-tipped darts An adder comes into view.
Found a stone staircase leading up.
The adder hisses angrily.
You see here a potion of heal wounds.
q - 2 potions of heal wounds (gained 1)
The adder bites you.
You sock the adder!
The adder is almost dead.
The adder bites you but does no damage.
You sock the adder!
You kill the adder!
q - 3 potions of heal wounds (gained 1)
You see here an adder corpse.
Found a staircase to the Ecumenical Temple.
Found 10 gold pieces.
Found 13 gold pieces.
Found 16 gold pieces.
w - a scroll labelled AHI DOEDUH
There is a staircase to the Ecumenical Temple here.
You climb downwards.
Welcome to the Ecumenical Temple!
Found twelve altars.
There is a staircase back to the Dungeon here.
There is an iron altar of Okawaru here.
You kneel at the altar of Okawaru.
Okawaru welcomes you! Why would you want to do that?
Why would you want to do that?
Are you sure you want to abandon this character and quit the game? (Confirm with "yes".)

#########
##⌠._._.8##
##.........##
##_..≈≈.≈≈.._##
#...≈≈...≈≈...#
#_.≈≈.≈.≈.≈≈._#
#..≈.≈...≈.≈..#
#8.....<..@..⌠#
#..≈.≈...≈.≈..#
#_.≈≈.≈.≈.≈≈._#
#...≈≈...≈≈...#
##_..≈≈.≈≈.._##
##.........##
##⌠._._.8##
#########


There were no monsters in sight!

Vanquished Creatures
  Sigmund (D:3)
  Natasha (D:3)
  4 adders
  A worm (D:4)
  3 dart slugs
  An orc (D:3)
  2 ball pythons (D:2)
  7 bats
  6 endoplasms
  6 giant cockroaches
  7 goblins
  6 hobgoblins
  4 jackals (D:3)
  2 kobolds (D:1)
  A quokka (D:1)
  5 frilled lizards
  6 rats
63 creatures vanquished.

Notes
Turn   | Place    | Note
-------+----------+-------------------------------------------
     0 | D:1      | StarGazer the Demonspawn Wanderer began the quest for the
                  | Orb.
     0 | D:1      | StarGazer set off with the following items: a +2
                  | quarterstaff, a +0 hand axe, 13 poisoned darts, a +0
                  | dagger, a scroll of teleportation, a +0 leather armour.
     0 | D:1      | Reached XP level 1. HP: 13/13 MP: 2/2
   240 | D:1      | Reached skill level 4 in Staves
   240 | D:1      | Gained mutation: A weak demonic guardian rushes to your
                  | aid. [demonic ancestry]
   240 | D:1      | Reached XP level 2. HP: 14/19 MP: 3/3
   805 | D:1      | Gained mutation: A demonic guardian rushes to your aid.
                  | [demonic ancestry]
   805 | D:1      | Reached XP level 3. HP: 16/24 MP: 4/4
  1606 | D:2      | Found a faded altar of an unknown god.
  2050 | D:3      | Noticed Sigmund
  2200 | D:3      | Killed Sigmund
  2201 | D:3      | Reached skill level 6 in Staves
  2201 | D:3      | Gained mutation: You have a small tail. [demonic ancestry]
  2201 | D:3      | Reached XP level 4. HP: 26/30 MP: 5/5
  2201 | D:3      | Reached XP level 5. HP: 30/35 MP: 6/6
  2410 | D:3      | Found Poexkoem's Magic Scroll Emporium.
  2422 | D:3      | Bought a scroll of blinking for 105 gold pieces
  2591 | D:3      | Noticed Natasha
  2596 | D:3      | Killed Natasha
  2597 | D:3      | Reached XP level 6. HP: 39/41 MP: 7/7
  2599 | D:3      | Found a blossoming altar of Fedhas.
  2610 | D:3      | Identified the +2 robe of Pimerr {Dex+2}
  2751 | D:4      | Found a snail-covered altar of Cheibriados.
  2798 | D:4      | Found a staircase to the Ecumenical Temple.
  2808 | Temple   | Entered the Ecumenical Temple
  2817 | Temple   | Became a worshipper of Warmaster Okawaru
  2823 | Temple   | Quit the game

Illustrated notes

Levels and vault maps discovered:
D:1:      dpeg_arrival_central, layout_basic, minmay_cupped
D:2:      layout_loops_corners, hellmonk_ecumenical_altar_lost_god,
          minmay_domino_4
D:3:      layout_basic, mainiacjoe_overflow_24_doors, serial_shops, shop,
          uniq_natasha, uniq_sigmund
D:4:      cheibrodos_old_hovel, layout_cave_pods, slow_altar_1,
          minmay_temple_entry_glass
Temple:   nicolae_temple_no_exploring_needed

Skill      XL: |  1  2  3 |
---------------+----------+-----
Throwing       | 2 |  2.0
Staves         | 4 6 |  6.7
Axes           | |  1.7
Armour         | |  1.0
Spellcasting   | |  1.0

Action                   |  1- 3 |  4- 6 || total
-------------------------+-------+-------++-------
Melee: Quarterstaff      |    94 |    40 ||   134
       Tailslap          |       |     6 ||     6
Throw: Dart              |    21 |    14 ||    35
Evoke: Wand              |     1 |       ||     1
  Use: Scroll            |     5 |     4 ||     9
Armor: Leather armour    |    30 |     6 ||    36
       Robe              |       |     3 ||     3
Dodge: Dodged            |    43 |    10 ||    53
